AoeStats
← Fs.Black_

African Clearing

505762090Analyzed
4v4 RM · 21d ago on Sep 10, 2026· 44m 44s· 8 players
Game mode
Random Map
Map size
Large (8 player)
Population
200
Speed
Normal
Resources
Standard
Victory
Conquest
Starting age
Dark Age
Ending age
Imperial Age
RankedLock teamsTeams togetherTeam positionsShared explorationLock speedFull tech treeHidden civsTurbo modeCheats
Victory
Defeat
🇨🇦 Georgians · Canada
1774
+12
🇧🇷 Lithuanians · Brazil
1699
+15
🇧🇷 Armenians · Brazil
1678
+16
🇧🇷 Tatars · Brazil
1595
+19
🇺🇸 Slavs · United States
1709
-17
🇲🇽 Muisca · Mexico
1692
-16
🇩🇪 Bengalis · Germany
1684
-16
🇨🇴 Bohemians · Colombia
1611
-13
BomBomB0
5:41 Loom
14:06 Feudal Age
18:06 Castle Age
17:07 Double-Bit Axe
17:42 Horse Collar
18:55 Town Watch
19:22 Bow Saw
22:14 Squires
30:41 Wheelbarrow
31:44 Gold Mining
31:37 Pikeman
34:29 Scale Mail Armor
34:39 Forging
35:26 Heavy Plow
37:15 Chain Mail Armor
37:36 Iron Casting
37:34 Stone Mining
41:15 Imperial Age
39:51 Hand Cart
40:50 Gold Shaft Mining
41:29 Onager
42:05 Halberdier
43:49 Plate Mail Armor
44:20 Blast Furnace
43:47 Heavy Scorpion
hK | Anubis
5:48 Loom
12:11 Feudal Age
13:12 Feudal Age
17:00 Castle Age
16:38 Double-Bit Axe
18:57 Fletching
21:35 Bodkin Arrow
27:23 Padded Archer Armor
27:24 Town Watch
28:21 Wheelbarrow
27:56 Horse Collar
30:53 Bow Saw
30:48 Heavy Plow
30:57 Heavy Plow
30:52 Gold Mining
32:26 Hand Cart
36:58 Imperial Age
35:36 Squires
36:52 Forging
36:42 Scale Mail Armor
39:16 Chain Mail Armor
41:06 Iron Casting
42:41 Capped Ram
Astronomical
4:27 Loom
13:03 Feudal Age
17:24 Castle Age
15:11 Double-Bit Axe
15:43 Loom
18:22 Bow Saw
18:59 Horse Collar
21:16 Chemistry
26:26 Wheelbarrow
26:59 Town Watch
31:08 Imperial Age
28:55 Padded Archer Armor
29:49 Ballistics
29:23 Fletching
29:53 Leather Archer Armor
31:11 Hand Cart
32:22 Ring Archer Armor
32:39 Town Patrol
33:04 Pikeman
33:45 Squires
34:06 Scale Mail Armor
34:44 Forging
35:02 Fletching
35:29 Chain Mail Armor
35:09 Halberdier
36:41 Iron Casting
37:45 Two-Man Saw
37:17 Plate Mail Armor
39:12 Coinage
40:19 Siege Engineers
40:25 Masonry
39:56 Treadmill Crane
40:41 Conscription
40:04 Houfnice
43:47 Blast Furnace
42:43 Bodkin Arrow
43:03 Heavy Plow
Willox
4:14 Loom
13:36 Feudal Age
17:56 Castle Age
19:05 Fletching
28:27 Double-Bit Axe
31:15 Wheelbarrow
30:34 Horse Collar
33:57 Town Watch
34:52 Bow Saw
35:32 Bloodlines
35:49 Husbandry
42:09 Heavy Plow
Fs.BlinkAoE
10:00 Loom
12:20 Feudal Age
16:17 Castle Age
14:32 Double-Bit Axe
18:41 Wheelbarrow
19:00 Bow Saw
19:49 Horse Collar
24:09 Town Watch
24:52 Stone Mining
27:22 Hand Cart
28:55 Ballistics
31:06 Svan Towers
30:52 Fletching
32:19 Bloodlines
32:20 Bodkin Arrow
36:19 Imperial Age
34:11 Scale Barding Armor
34:12 Gold Mining
35:08 Forging
35:08 Guard Tower
35:36 Heavy Plow
36:38 Chain Barding Armor
36:54 Iron Casting
37:56 Plate Barding Armor
37:44 Conscription
37:32 Bracer
38:33 Chemistry
39:25 Blast Furnace
38:45 Elite Monaspa
41:43 Keep
40:54 Arrowslits
42:09 Padded Archer Armor
Fs.Costinha
9:11 Loom
13:36 Feudal Age
14:58 Horse Collar
20:58 Double-Bit Axe
23:49 Castle Age
23:45 Stone Mining
28:05 Gold Mining
29:30 Husbandry
29:40 Bloodlines
30:35 Scale Barding Armor
31:12 Forging
31:34 Silk Armor
33:57 Iron Casting
37:28 Fletching
37:39 Padded Archer Armor
38:36 Bodkin Arrow
40:46 Leather Archer Armor
41:26 Wheelbarrow
43:06 Ballistics
42:43 Town Watch
Fs.Black_
3:24 Loom
13:39 Feudal Age
17:17 Castle Age
15:31 Double-Bit Axe
23:52 Fletching
31:51 Bow Saw
36:47 Imperial Age
34:05 Horse Collar
36:13 Wheelbarrow
35:47 Gold Mining
36:22 Fletching
36:32 Padded Archer Armor
37:14 Scale Mail Armor
36:36 Man-at-Arms
37:02 Gambesons
37:18 Squires
38:15 Chain Mail Armor
37:21 Long Swordsman
38:14 Forging
39:33 Plate Mail Armor
40:00 Fereters
40:16 Conscription
39:30 Two-Handed Swordsman
41:00 Iron Casting
40:59 Hand Cart
40:31 Champion
43:07 Pikeman
Fs.Nicolau Mendes
12:08 Loom
12:27 Loom
14:13 Feudal Age
18:29 Castle Age
16:59 Double-Bit Axe
16:55 Horse Collar
19:07 Town Watch
22:56 Bow Saw
23:09 Bloodlines
22:59 Husbandry
24:42 Wheelbarrow
24:26 Scale Barding Armor
24:59 Husbandry
31:10 Chain Barding Armor
31:01 Forging
37:44 Imperial Age
37:08 Hand Cart
37:39 Heavy Plow
39:12 Plate Barding Armor
39:13 Iron Casting
39:00 Cavalier
41:51 Conscription
43:53 Chemistry
42:54 Paladin
Connection lost

Rejoining the realm…

Still unreachable

The connection could not be restored.

Session expired

The server has moved on; the page needs a fresh start.